 Dungeon Crawl Stone Soup version 0.19.4 (webtiles) character file.

217 dngmouse the Ruffian (level 5, 0/40 HPs)
             Began as a Draconian Transmuter on Feb 4, 2017.
             Slain by a killer bee (2 damage)
             ... on level 3 of the Dungeon.
             The game lasted 00:14:42 (4767 turns).

dngmouse the Ruffian (Draconian Transmuter)         Turns: 4767, Time: 00:14:43

Health: 0/40       AC:  5    Str: 13    XL:     5   Next: 61%
Magic:  6/8        EV:  8    Int: 13    God:
Gold:   96         SH:  3    Dex: 12    Spells: 3 memorised, 2 levels left

rFire  . . .     SeeInvis .       - Unarmed
rCold  . . .     Gourm    .     (armour unavailable)
rNeg   . . .     Faith    .     j - +0 buckler
rPois  .         Spirit   .     (helmet restricted)
rElec  .         Reflect  .     (no cloak)
rCorr  .         Harm     .     (no gloves)
MR     .....                    (boots currently unavailable)
Stlth  +.........               (no amulet)
                                (no ring)
                                d - -3 ring of evasion (curse)

@: lethally poisoned (0 -> -19), appendage (expiring), flying, very slightly
contaminated
A: unfitting armour, beak, talons 3, cold-blooded, AC +5
a: End Transformation


You were on level 3 of the Dungeon.
You were not hungry.
You had grown temporary talons.
You visited 1 branch of the dungeon, and saw 4 of its levels.

You collected 96 gold pieces.

Inventory:

Missiles
 a - 11 arrows
 f - 127 stones (quivered)
Armour
 j - a +0 buckler (worn)
Jewellery
 d - a cursed -3 ring of evasion (left hand)
 l - an uncursed ring of fire
Wands
 i - a wand of iceblast (7/15)
 k - a wand of slowing (40/48)
Scrolls
 e - 4 scrolls of identify
 m - 2 scrolls of teleportation
 t - a scroll of magic mapping
Potions
 q - 2 potions of flight
Books
 b - a book of Changes

   Spells                             Type                      Level
   a - Beastly Appendage              Transmutation                1
   b - Sticks to Snakes               Transmutation                2
   c - Spider Form                    Transmutation/Poison         3
   d - Ice Form                       Ice/Transmutation            4
   e - Blade Hands                    Transmutation                5
Comestibles
 c - 4 bread rations
 g - a beef jerky
 h - 2 meat rations
 r - 3 chunks of flesh


   Skills:
 - Level 1.1 Fighting
 - Level 1.7 Dodging
 - Level 1.1 Shields
 + Level 4.9 Unarmed Combat
 - Level 2.0 Spellcasting
 + Level 4.2 Transmutations


You had 2 spell levels left.
You knew the following spells:

 Your Spells              Type           Power        Failure   Level  Hunger
a - Beastly Appendage     Tmut           ##....       10%         1    ##.....
b - Sticks to Snakes      Tmut           ##......     12%         2    ###....
c - Spider Form           Tmut/Pois      #.........   50%         3    ####...


Dungeon Overview and Level Annotations

Branches:
Dungeon (4/15)
 Temple: D:4-7

Altars:


Innate Abilities, Weirdness & Mutations

Your plain brown scales are hard. (AC +5)
You cannot fit into any form of body armour.
You are cold-blooded and may be slowed by cold attacks.
You have a beak for a mouth.
You have claws for feet.


Message History

You feel sick. The killer bee stings you.
* * * LOW HITPOINT WARNING * * *
You are more poisoned.
The killer bee poisons you! The killer bee stings you.
* * * LOW HITPOINT WARNING * * *
You miss the killer bee.
Your tail-slap misses the killer bee.
The killer bee is moderately wounded.
* * * LOW HITPOINT WARNING * * *
You feel sick. The killer bee barely misses you. x2
You miss the killer bee. Your kick misses the killer bee.
Your tail-slap misses the killer bee.
The killer bee is moderately wounded.
* * * LOW HITPOINT WARNING * * *
You feel sick. The killer bee closely misses you.
The killer bee barely misses you.
You hit the killer bee. You claw the killer bee.
The killer bee is almost dead.
* * * LOW HITPOINT WARNING * * *
You feel sick. The killer bee barely misses you. The killer bee stings you.
You die...

#.# ######### #....# #.#
#.......# ####.# #.# #.......#
#####.### #.# #....(..# #.......#
#.# #.......# #.#.#...# #.#
#.......# #.#.#.รท.# #.#
#.......# #.#.....# #.# #.......#
#.#..#..# #.# ####@#### #.#..#..#
#.#########y## #.......#
######.#.......yy.########.####
..<......#####.............#
.####....#####..>.#####.#### .#
#.#.....#......# #.# #####
.####....##.#.(#.#.####.###...###
..)..###.##.............#........
.###.# #.......#.#.######.####..#


You could see 3 killer bees.

Vanquished Creatures
  A hound (D:3)
  Jessica (D:2)
  A worker ant (D:3)
  4 adders
  An ooze (D:3)
  2 worms
  2 dart slugs (D:2)
  5 leopard geckos
  5 orcs (D:3)
  7 hobgoblins
  7 jackals
  2 quokkas
  10 bats
  7 frilled lizards
  8 goblins
  8 kobolds
  8 rats
79 creatures vanquished.

Vanquished Creatures (collateral kills)
  A bat (D:1)
  A frilled lizard (D:1)
2 creatures vanquished.

Grand Total: 81 creatures vanquished

Notes
Turn   | Place    | Note
-------+----------+-------------------------------------------
     0 | D:1      | dngmouse the Draconian Transmuter began the quest for the Orb.
     0 | D:1      | Reached XP level 1. HP: 16/16 MP: 3/3
   259 | D:1      | Reached XP level 2. HP: 9/23 MP: 5/5
  1510 | D:2      | Reached XP level 3. HP: 12/28 MP: 1/6
  1717 | D:2      | Noticed Jessica
  2020 | D:2      | Killed Jessica
  2028 | D:2      | Learned a level 2 spell: Sticks to Snakes
  2032 | D:2      | Learned a level 3 spell: Spider Form
  2170 | D:1      | Reached XP level 4. HP: 20/35 MP: 5/7
  2181 | D:1      | Gained mutation: You have a pair of small antennae on your head. [potion of mutation]
  2181 | D:1      | Gained mutation: You have a beak for a mouth. [potion of mutation]
  2181 | D:1      | Gained mutation: You are dopey. (Int -2) [potion of mutation]
  3104 | D:3      | Reached XP level 5. HP: 23/40 MP: 6/8
  4523 | D:3      | Reached skill level 1 in Shields
  4748 | D:3      | HP: 2/40 [killer bee (5)]
  4756 | D:3      | Lost mutation: You are dopey. (Int -2) [potion of cure mutation]
  4756 | D:3      | Lost mutation: You have a pair of small antennae on your head. [potion of cure mutation]
  4767 | D:3      | HP: 2/40 [poisoned by a killer bee]
  4767 | D:3      | Slain by a killer bee

Skill      XL: |  1  2  3  4  5 |
---------------+----------------+-----
Unarmed Combat | 4 |  4.9
Transmutations | 3 4 |  4.2
Shields        | 1 |  1.1
Fighting       | |  1.1
Dodging        | |  1.7
Spellcasting   | |  2.0

Action                   |  1- 3 |  4- 6 || total
-------------------------+-------+-------++-------
Melee: Unarmed           |   161 |   182 ||   343
       Tailslap          |    14 |    26 ||    40
       Kick              |    11 |     9 ||    20
       Headbutt          |     1 |       ||     1
       Punch             |     1 |       ||     1
       Peck              |       |    30 ||    30
 Cast: Beastly Appendage |    18 |    10 ||    28
       Sticks to Snakes  |       |     1 ||     1
Evoke: Wand              |       |     1 ||     1
  Use: Potion            |     1 |     7 ||     8
       Scroll            |     2 |     3 ||     5
 Stab: Sleeping          |     1 |     1 ||     2
  Eat: Chunk             |     4 |     9 ||    13
Armor: Skin              |    71 |    93 ||   164
Dodge: Dodged            |   113 |   104 ||   217
Block: Buckler           |       |    29 ||    29
